 Dungeon Crawl Stone Soup version 0.17.0-23-g0de4337 (webtiles) character file.

318634 lemak the Impregnable (level 20, 0/198 HPs)
             Began as a Minotaur Berserker on Nov 8, 2015.
             Was a High Priest of Trog.
             Succumbed to a tengu reaver's bolt of poison
             ... on level 5 of the Vaults on Nov 15, 2015.
             The game lasted 06:26:57 (46510 turns).

lemak the Impregnable (Minotaur Berserker)         Turns: 46510, Time: 06:26:58

Health: 0/198      AC: 37    Str: 29    XL:     20   Next: 58%
Magic:  1/19       EV: 17    Int:  2    God:    Trog [*****.]
Gold:   1894       SH: 13    Dex: 22    Spells: 0 memorised, 19 levels left

rFire  + + .     SeeInvis +     x - +10 flail "Xuigos" {crush, rN+}
rCold  + + .     Clarity  .     P - +2 gold dragon armour
rNeg   + . .     SustAt   .     z - +3 buckler {AC+3}
rPois  +         Gourm    .     (helmet restricted)
rElec  +         Spirit   +     b - +1 cloak of Zin's Hope {rPois rCorr Int-2}
rCorr  +         Warding  .     j - +0 pair of gloves "Wainets" {rPois SInv}
rMut   .         Stasis   .     (no boots)
MR     ++++.                    Z - amulet of guardian spirit
Stlth  ..........               S - ring "Ylieq" {*Confuse MR+ Str+7}
                                s - +3 ring of dexterity

@: lethally poisoned (0 -> -6), resistant, very slightly contaminated,
regenerating, hasted, very quick, incredibly resistant to hostile enchantments,
extremely unstealthy
A: retaliatory headbutt, horns 2, iridescent scales 1, spit poison 1
a: Spit Poison, Berserk, Trog's Hand, Brothers in Arms, Burn Spellbooks,
Renounce Religion
}: 2/15 runes: decaying, gossamer


You were on level 5 of the Vaults.
You worshipped Trog.
Trog was extremely pleased with you.
You were not hungry.

You visited 7 branches of the dungeon, and saw 41 of its levels.
You visited the Abyss 1 time.
You also visited: Sewer.

You collected 4702 gold pieces.
You spent 2808 gold pieces at shops.

Inventory:

Hand Weapons
 g - a +0 morningstar of holy wrath
 u - a +1 morningstar of flaming
 x - the +10 flail "Xuigos" (weapon) {crush, rN+}
   (Trog gifted it to you on level 4 of the Spider Nest)

   It inflicts extra damage upon your enemies.
   It protects you from negative energy.
 O - the +5 mace of the Boiling Point {drain, rPois Int-2 Dex+6}
   (You found it on level 3 of the Spider Nest)

   A truly terrible weapon, it drains the life of those it strikes.
   It affects your intelligence (-2).
   It affects your dexterity (+6).
   It protects you from poison.
 Q - a +5 antimagic morningstar
Armour
 b - the +1 cloak of Zin's Hope (worn) {rPois rCorr Int-2}
   (You bought it in a shop on level 2 of the Orcish Mines)

   It affects your intelligence (-2).
   It protects you from poison.
   It protects you from acid and corrosion.
 j - the +0 pair of gloves "Wainets" (worn) {rPois SInv}
   (You bought it in a shop on level 2 of the Orcish Mines)

   It protects you from poison.
   It lets you see invisible.
 l - a +2 shield
 q - the +4 troll leather armour of the Hidden Vale {rElec Regen+ Stlth+}
   (You bought it in a shop on level 2 of the Orcish Mines)

   It insulates you from electricity.
   It increases your rate of regeneration.
   It makes you more stealthy.
 z - a +3 buckler of protection (worn)
 E - a +0 chain mail of magic resistance
 J - a +0 buckler of fire resistance
 K - the +1 cloak of Limited Liability {rF+ rC+ MR- Dex+2}
   (You found it on level 1 of the Spider Nest)

   It affects your dexterity (+2).
   It protects you from fire.
   It protects you from cold.
   It affects your resistance to hostile enchantments.
 P - a +2 gold dragon armour (worn)
Jewellery
 s - a +3 ring of dexterity (left hand)
 t - an uncursed ring of protection from cold
 G - an uncursed amulet of regeneration
 L - an uncursed ring of sustain attributes
 N - an uncursed amulet of the gourmand
 S - the ring "Ylieq" (right hand) {*Confuse MR+ Str+7}
   (You found it on level 3 of the Spider Nest)

   [ring of protection from magic]

   It affects your strength (+7).
   It affects your resistance to hostile enchantments.
   It may confuse you when you take damage.
 W - a +1 ring of protection
 Z - an amulet of guardian spirit (around neck)
Wands
 k - a wand of digging (22)
 M - a wand of digging (7)
Scrolls
 a - 3 scrolls of teleportation
 c - a scroll of enchant weapon
 f - 8 scrolls of remove curse
 h - a scroll of holy word
 m - 6 scrolls of magic mapping
 r - 9 scrolls of recharging
 B - 14 scrolls of identify
Potions
 e - 4 potions of agility
 i - 9 potions of curing
 n - 8 potions of might
 o - a potion of berserk rage
 p - a potion of cure mutation
 H - 3 potions of magic
 R - 6 potions of flight
 T - 2 potions of cancellation
Miscellaneous
 y - a lantern of shadows
 D - a sack of spiders
 F - a fan of gales (inert)
 I - a sack of spiders
Comestibles
 w - 6 bread rations


   Skills:
 * Level 21.2 Fighting
 * Level 20.6 Maces & Flails
 + Level 21.4 Armour
 - Level 13.4 Dodging
 - Level 1.1 Stealth
 + Level 18.0 Shields


You had 19 spell levels left.
You didn't know any spells.

Dungeon Overview and Level Annotations

Branches:
Dungeon (15/15)            Temple (1/1) D:5            Lair (8/8) D:9
  Swamp (4/4) Lair:6       Spider (4/4) Lair:4          Orc (4/4) D:9
    Elf (0/3) Orc:3        Vaults (5/5) D:14          Crypt (0/3) Vaults:3
 Depths (0/5) D:15
  Slime: Lair:6-8

Altars:
Ashenzari
Cheibriados
Dithmenos
Elyvilon
Fedhas
Gozag
Kikubaaqudgha
Makhleb
Nemelex Xobeh
Okawaru
Qazlal
Ru
Sif Muna
Trog
Vehumet
Xom
Yredelemnul
Zin
The Shining One
Beogh

Shops:
D:5 }   D:7 *   Orc:2 }[:!   Orc:4 ?[(}[   Vaults:5 *

Portals:
Trove: D:10 (give 19 scrolls of identify)

Annotations:
Lair:3 exclusion: oklob plant
Lair:6 exclusion: oklob plant


Innate Abilities, Weirdness & Mutations

You reflexively headbutt those who attack you in melee.
You have a pair of horns on your head.
You are partially covered in iridescent scales (AC +4).
You can spit weak poison.


Message History

The titan is engulfed in roaring flames.
The vault warden is engulfed in roaring flames.
The vault warden dies!
You feel sick.
An adder and a tengu reaver come into view.
The tengu reaver shouts!
The storm dragon breathes lightning at you.
The bolt of lightning hits the orc warrior.
The orc warrior dies!
The bolt of lightning misses you. The tengu reaver casts a spell at you.
The bolt of poison hits you!
You are more poisoned.
You resist.
* * * LOW HITPOINT WARNING * * *
The battlesphere fires!
The barrage of energy hits you!
* * * LOW HITPOINT WARNING * * *
The ogre completely misses you.
Found a club.
You die...

*,,#...........%...........
*,,#.....Q..S..............
*,,#.............O.........
*,,#).............v........
*,,#..............c........
*,,#...........Q.C.).......
*,,#..........*o)..)...(...
*,,#.........o.Q*.C.Q*..eC.
*,,.......@.OC)DN.D.C)WpD..
*,,..#####################.
*,,,,,,,,,,,,,,,,,,,,,,,...
*,,,,,,,,,,,,,,,,,,,,,,....
**********************#####


You could see 2 titans, a storm dragon, 3 tengu reavers, a salamander
stormcaller, an ogre mage, an ogre, an adder and 2 orcs.

Vanquished Creatures
  Margery (Vaults:3)
  A bone dragon (Abyss:1)
  Rupert (D:13)
  A lich (Abyss:1)
  A tentacled monstrosity (Vaults:4)
  3 titans (Vaults:5)
  2 sphinxes
  3 thorn hunters
  Frances (Swamp:2)
  2 tentacled starspawn (Abyss:1)
  A storm dragon (Vaults:5)
  2 fire giants
  4 ghost moths (Spider:4)
  2 deep elf sorcerers
  An orc warlord (Orc:4)
  3 frost giants
  2 vault wardens (Vaults:4)
  9 emperor scorpions (Spider:4)
  13 ironheart preservers
  3 stone giants
  4 very ugly things
  2 deep elf demonologists
  A salamander stormcaller (Vaults:3)
  Azrael (Orc:4)
  A deep elf annihilator (Vaults:4)
  Snorg (Orc:2)
  24 vault guards
  An ettin (Vaults:4)
  A great orb of eyes (Vaults:3)
  A rakshasa (Abyss:1)
  24 hydras
  6 yaktaur captains
  Fannar (Orc:2)
  3 entropy weavers
  The ghost of tizzy the Severer, a journeyman DsGl of Makhleb (D:12)
  7 alligators
  2 ghost crabs
  15 ogre magi
  Erica (D:10)
  10 centaur warriors
  3 tengu warriors (D:14)
  A dancing weapon (Vaults:4)
  2 death yaks (D:9)
  6 deep troll shamans
  4 deep troll earth magi
  An orc high priest (Orc:3)
  3 deep elf knights (Vaults:3)
  2 shadow wraiths
  A storm dragon zombie (Abyss:1)
  8 skeletal warriors
  4 hell knights (Vaults:3)
  The ghost of Dharmy the Martial Artist, a novice MfTm of Ashenzari (D:7)
  2 unseen horrors
  12 ironbrand convokers
  2 deep elf summoners (Vaults:3)
  15 deep trolls
  3 flayed ghosts
  A fire crab (Vaults:4)
  9 swamp dragons
  2 phantasmal warriors
  A shambling mangrove (Swamp:4)
  2 tengu zombies (D:15)
  2 giant orange brains
  2 wolf spider zombies
  Pikel (D:7)
  2 deep elf conjurers
  9 orc knights
  3 harpies (Vaults:4)
  4 wizards
  4 hill giants
  A manticore (D:13)
  An orc sorcerer (Orc:4)
  10 orb spiders
  4 hornets
  4 griffons
  A worldbinder (Abyss:1)
  A salamander (shapeshifter) (Vaults:4)
  5 cyclopes
  An octopode (shapeshifter) (D:13)
  31 wolf spiders
  11 ugly things
  9 black mambas
  3 necromancers
  2 moths of wrath
  31 spiny frogs
  A fire giant skeleton (D:15)
  6 vault sentinels
  14 elephants (Lair:3)
  3 centaur zombies (D:14)
  2 smoke demons (Abyss:1)
  A guardian serpent (shapeshifter) (Vaults:4)
  A torpor snail (Spider:1)
  An orange demon (Abyss:1)
  3 gargoyles
  A hellwing (Abyss:1)
  A spriggan skeleton (D:15)
  A redback zombie (D:15)
  An ancient zyme (Abyss:1)
  36 yaktaurs
  A kobold demonologist (D:15)
  11 demonic crawlers
  22 jumping spiders
  A guardian mummy (D:15)
  15 komodo dragons
  8 freezing wraiths
  A tengu conjurer (D:14)
  A fire drake (shapeshifter) (D:15)
  A human skeleton (Vaults:1)
  6 trolls
  An efreet (D:15)
  8 polar bears
  A merfolk (shapeshifter) (Vaults:3)
  5 spriggan druids
  2 trolls (shapeshifter) (Vaults:4)
  10 slime creatures
  19 two-headed ogres
  A tengu simulacrum (Vaults:3)
  15 blink frogs
  Grinder (D:6)
  14 bog bodies
  2 raiju (Abyss:1)
  5 boulder beetles
  An ettin zombie (Vaults:1)
  A queen bee (Lair:2)
  A trapdoor spider zombie (D:8)
  7 giant leeches
  A sphinx simulacrum (Vaults:3)
  A wolf spider simulacrum (D:15)
  7 deep elf magi
  2 wyverns
  2 shadows (Swamp:4)
  17 trapdoor spiders
  17 spriggans
  47 redbacks
  A salamander simulacrum (Vaults:3)
  32 yaks
  5 wraiths
  7 deep elf fighters
  20 tarantellas
  3 large abominations (Abyss:1)
  5 hungry ghosts
  A yaktaur simulacrum (Vaults:2)
  A basilisk (D:15)
  2 fire elementals (Orc:4)
  5 wargs
  A human simulacrum (Vaults:1)
  24 wolves
  12 hippogriffs
  A chaos spawn (Abyss:1)
  2 small abominations (Abyss:1)
  A mottled dragon (D:13)
  6 insubstantial wisps (Swamp:1)
  21 vampire mosquitoes
  6 hell hounds (Orc:4)
  9 water moccasins
  34 swamp worms
  8 ice beasts
  4 black bears (Lair:8)
  13 porcupines
  27 spiders
  6 necrophages
  37 orc warriors
  10 wasps
  2 phantoms
  12 swamp drakes
  A human zombie (Vaults:1)
  An eye of draining (D:13)
  47 ogres
  7 boggarts
  22 centaurs
  13 crocodiles
  6 sky beasts
  An orc skeleton (Vaults:1)
  7 big kobolds
  A brain worm (D:14)
  18 giant frogs
  A water moccasin skeleton (D:8)
  6 scorpions
  42 killer bees
  A vampire bat (Abyss:1)
  14 wights
  An electric eel (Lair:6)
  10 crimson imps
  2 jellies
  A wasp zombie (D:9)
  A quasit (D:8)
  35 orc priests
  2 giant frog zombies
  8 hounds
  2 giant frog skeletons
  39 orc wizards
  9 centaur skeletons
  An iron imp (Abyss:1)
  Jessica (D:7)
  Terence (D:2)
  7 worker ants
  10 iguanas
  5 sheep
  3 hound zombies
  55 river rats
  15 adders
  4 shadow imps
  An ooze (Sewer)
  An ufetubus (Abyss:1)
  An adder skeleton (D:6)
  13 worms
  6 giant geckos
  199 orcs
  9 bats
  5 giant cockroaches
  5 hobgoblins
  5 quokkas
  6 ball pythons
  A giant gecko skeleton (D:7)
  9 giant newts
  9 goblins
  8 jackals
  25 kobolds
  2 quokka skeletons (D:5)
  28 rats
  A briar patch (Swamp:1)
  A butterfly (Lair:2)
  3 fungi
  A lurking horror (Abyss:1)
  2 plants
1776 creatures vanquished.

Vanquished Creatures (collateral kills)
  A tengu reaver (Vaults:5)
  An iron dragon (Vaults:5)
  A vault guard (Vaults:5)
  A deep troll shaman (Vaults:2)
  A deep troll (Vaults:2)
  2 redbacks
  A trapdoor spider (Spider:3)
8 creatures vanquished.

Vanquished Creatures (others)
  An eldritch tentacle (Abyss:1)
  A vault warden (Vaults:5)
  An ironheart preserver (Vaults:5)
  A war gargoyle (Vaults:5)
  2 vault guards
  An alligator (Swamp:2)
  3 deep trolls (Vaults:5)
  A wolf spider (Vaults:5)
  A demonic crawler (Spider:4)
  A yaktaur (Vaults:5)
  A spriggan (Swamp:4)
  2 vampire mosquitoes (D:12)
  An orc warrior (Vaults:5)
  A swamp drake (Swamp:4)
  An ogre (Vaults:5)
  2 necrophages (D:7)
  2 orc priests (Vaults:5)
  A hound (D:7)
  2 iguanas (D:7)
  An orc (D:7)
  A hobgoblin (D:2)
  2 briar patches (Swamp:1)
  75 eldritch tentacle segments (Abyss:1)
  3 fire vortices (Vaults:5)
  37 fungi
  2 lurking horrors (Abyss:1)
  11 plants
  6 starspawn tentacles (Abyss:1)
  42 starspawn tentacle segments (Abyss:1)
206 creatures vanquished.

Grand Total: 1990 creatures vanquished

Notes
Turn   | Place    | Note
--------------------------------------------------------------
     0 | D:1      | lemak the Minotaur Berserker began the quest for the Orb.
     0 | D:1      | Reached XP level 1. HP: 19/19 MP: 0/0
   130 | D:1      | Reached skill level 4 in Maces & Flails
   186 | D:1      | Reached XP level 2. HP: 27/27 MP: 1/1
   786 | D:2      | Reached XP level 3. HP: 29/34 MP: 2/2
   816 | D:2      | Reached ** piety under Trog
   920 | D:2      | Found a radiant altar of Vehumet.
  1190 | D:2      | You fall through a shaft!
  1275 | D:3      | Reached XP level 4. HP: 33/41 MP: 3/3
  1403 | D:3      | Found a sparkling altar of Nemelex Xobeh.
  1425 | D:3      | Found a sacrificial altar of Ru.
  1434 | D:3      | Reached skill level 5 in Fighting
  1437 | D:3      | Reached skill level 5 in Maces & Flails
  1697 | D:3      | Found a glowing drain.
  1702 | Sewer    | Entered a sewer
  1718 | Sewer    | Reached XP level 5. HP: 48/48 MP: 4/4
  1845 | Sewer    | Reached *** piety under Trog
  2266 | Sewer    | Noticed a big kobold
  2266 | Sewer    | Noticed a big kobold
  2272 | Sewer    | Killed a big kobold
  2272 | Sewer    | Reached skill level 6 in Fighting
  2272 | Sewer    | Reached skill level 1 in Stealth
  2272 | Sewer    | Reached XP level 6. HP: 57/57 MP: 5/5
  2274 | Sewer    | Killed a big kobold
  2506 | D:3      | Reached **** piety under Trog
  2899 | D:2      | Noticed Terence
  2908 | D:2      | Killed Terence
  3084 | D:4      | Reached XP level 7. HP: 64/64 MP: 6/6
  3141 | D:4      | Reached skill level 7 in Maces & Flails
  3766 | D:4      | Reached skill level 5 in Armour
  3832 | D:5      | Entered Level 5 of the Dungeon
  3895 | D:5      | Reached skill level 8 in Maces & Flails
  3931 | D:5      | Reached XP level 8. HP: 74/74 MP: 7/7
  4021 | D:5      | Found a staircase to the Ecumenical Temple.
  4030 | Temple   | Entered the Ecumenical Temple
  4427 | D:5      | Found Welerret's Gadget Shoppe.
  4788 | D:6      | Noticed Grinder
  4795 | D:6      | Killed Grinder
  4881 | D:6      | Reached skill level 9 in Maces & Flails
  4933 | D:6      | Found a stormy altar of Qazlal.
  5141 | D:6      | Reached XP level 9. HP: 74/83 MP: 8/8
  5359 | D:7      | Noticed Pikel
  5372 | D:7      | Killed Pikel
  5372 | D:7      | Reached skill level 10 in Maces & Flails
  5515 | D:7      | Noticed Dharmy's ghost (novice MfTm)
  5515 | D:7      | Noticed Jessica
  5547 | D:7      | Killed Dharmy's ghost
  5547 | D:7      | Reached skill level 10 in Fighting
  5612 | D:7      | Killed Jessica
  5621 | D:7      | Found a deep blue altar of Sif Muna.
  5817 | D:7      | You fall through a shaft for 3 floors!
  5817 | D:10     | Entered Level 10 of the Dungeon
  5836 | D:10     | Noticed Erica
  5860 | D:10     | Killed Erica
  5860 | D:10     | Reached skill level 11 in Maces & Flails
  5860 | D:10     | Reached XP level 10. HP: 93/93 MP: 9/9
  6607 | D:10     | Found a portal to a secret trove of treasure.
  6612 | D:10     | Noticed a hill giant
  6768 | D:9      | Found a snail-covered altar of Cheibriados.
  6838 | D:9      | Reached ***** piety under Trog
  6979 | D:9      | Noticed a death yak
  6981 | D:9      | Noticed a death yak
  7000 | D:9      | Killed a death yak
  7000 | D:9      | Reached skill level 12 in Maces & Flails
  7000 | D:9      | Reached skill level 10 in Armour
  7016 | D:9      | Killed a death yak
  7049 | D:9      | Found a staircase to the Lair.
  7069 | D:9      | Found a staircase to the Orcish Mines.
  7168 | D:9      | Reached XP level 11. HP: 103/103 MP: 10/10
  7596 | D:8      | Found a glowing golden altar of the Shining One.
  7795 | D:8      | Reached skill level 13 in Maces & Flails
  8020 | D:8      | Received a gift from Trog
  8072 | D:8      | Found a white marble altar of Elyvilon.
  8073 | D:8      | Found a glowing silver altar of Zin.
  8074 | D:8      | Found a glowing golden altar of the Shining One.
  8331 | D:7      | Found Sool's General Store.
  8336 | D:7      | Bought a scroll of identify for 32 gold pieces
  8336 | D:7      | Bought a scroll of enchant weapon for 120 gold pieces
  8336 | D:7      | Bought a bread ration for 80 gold pieces
  8499 | Lair:1   | Entered Level 1 of the Lair of Beasts
 10237 | Lair:2   | Noticed a five-headed hydra
 10246 | Lair:2   | Killed a five-headed hydra
 10407 | Lair:2   | Reached skill level 14 in Maces & Flails
 10771 | Lair:2   | Reached XP level 12. HP: 104/115 MP: 11/11
 10951 | Lair:2   | Received a gift from Trog
 11140 | Lair:2   | Reached skill level 5 in Shields
 11385 | Lair:2   | Noticed a four-headed hydra
 11395 | Lair:2   | Killed a four-headed hydra
 11569 | Lair:3   | Noticed a four-headed hydra
 11584 | Lair:3   | Killed a four-headed hydra
 12091 | Lair:3   | Received a gift from Trog
 12609 | Lair:3   | Reached skill level 5 in Dodging
 12891 | Lair:3   | Found a shimmering altar of Xom.
 13216 | Lair:3   | Found a deep blue altar of Sif Muna.
 13714 | Lair:4   | Reached XP level 13. HP: 122/122 MP: 12/12
 13789 | Lair:4   | Noticed a seven-headed hydra
 13800 | Lair:4   | Killed a seven-headed hydra
 13800 | Lair:4   | Reached skill level 15 in Armour
 14105 | Lair:4   | Found a hole to the Spider Nest.
 14327 | Lair:5   | Found a labyrinth entrance.
 15203 | Lair:6   | Found a staircase to the Swamp.
 16419 | Lair:8   | Entered Level 8 of the Lair of Beasts
 16448 | Lair:8   | Received a gift from Trog
 16821 | Lair:8   | Reached skill level 16 in Armour
 16827 | Lair:8   | Reached skill level 15 in Fighting
 17334 | Lair:8   | Reached XP level 14. HP: 98/135 MP: 13/13
 19541 | D:12     | Received a gift from Trog
 19951 | D:12     | Noticed tizzy's ghost (journeyman DsGl)
 19997 | D:12     | Killed tizzy's ghost
 20489 | D:13     | Noticed Rupert
 20511 | D:13     | Killed Rupert
 20937 | D:13     | Received a gift from Trog
 21636 | D:14     | Reached skill level 17 in Fighting
 22233 | D:14     | Reached skill level 15 in Maces & Flails
 22276 | D:14     | Found a gate to the Vaults.
 22502 | D:14     | Reached XP level 15. HP: 148/148 MP: 4/14
 22886 | D:15     | Entered Level 15 of the Dungeon
 23377 | D:15     | Reached skill level 18 in Fighting
 23568 | D:15     | Found a staircase to the Depths.
 24153 | D:15     | Received a gift from Trog
 24571 | Orc:1    | Entered Level 1 of the Orcish Mines
 24929 | Orc:2    | Found Etugh's Distillery.
 24965 | Orc:2    | Found Hyhecr Puesch's Book Boutique.
 24993 | Orc:2    | Bought a potion of magic for 120 gold pieces
 25003 | Orc:2    | Found Zackemog's Antique Armour Shop.
 25005 | Orc:2    | Found Huynelan's Gadget Boutique.
 25035 | Orc:2    | Bought a brightly glowing cloak for 294 gold pieces
 25035 | Orc:2    | Bought a pair of encrusted gloves for 294 gold pieces
 25045 | Orc:2    | Identified the +1 cloak of Zin's Hope {rPois rCorr Int-2} (You bought it in a shop on level 2 of the Orcish Mines)
 25055 | Orc:2    | Identified the cursed +0 pair of gloves "Wainets" {rPois SInv} (You bought it in a shop on level 2 of the Orcish Mines)
 25115 | Orc:2    | Noticed Fannar
 25130 | Orc:2    | Killed Fannar
 25225 | Orc:2    | Noticed Snorg
 25253 | Orc:2    | Killed Snorg
 25419 | Orc:2    | Reached ****** piety under Trog
 25726 | Orc:1    | Received a gift from Trog
 25844 | Orc:3    | Upgraded the game from 0.17.0-7-gfadd4cc to 0.17.0-9-g801d43b
 26282 | Orc:3    | Found a staircase to the Elven Halls.
 26611 | Orc:4    | Entered Level 4 of the Orcish Mines
 26612 | Orc:4    | Received a gift from Trog
 26640 | Orc:4    | Found a roughly hewn altar of Beogh.
 26680 | Orc:4    | Found a roughly hewn altar of Beogh.
 26684 | Orc:4    | Found Emakomna's Gadget Shop.
 26713 | Orc:4    | Upgraded the game from 0.17.0-9-g801d43b to 0.17.0-23-g0de4337
 26818 | Orc:4    | Found a roughly hewn altar of Beogh.
 26912 | Orc:4    | Found Singeab's Magic Scroll Shop.
 27037 | Orc:4    | Found a roughly hewn altar of Beogh.
 27067 | Orc:4    | Found a roughly hewn altar of Beogh.
 27078 | Orc:4    | Found Kesaass's Armour Emporium.
 27140 | Orc:4    | Bought a scroll of identify for 28 gold pieces
 27140 | Orc:4    | Bought a scroll of identify for 28 gold pieces
 27140 | Orc:4    | Bought a scroll of teleportation for 42 gold pieces
 27140 | Orc:4    | Bought a scroll of identify for 28 gold pieces
 27140 | Orc:4    | Bought a scroll of remove curse for 42 gold pieces
 27269 | Orc:4    | Received a gift from Trog
 27327 | Orc:4    | Got a twisted bardiche {god gift}
 27333 | Orc:4    | Identified the +3 bardiche of Fanaticism {venom, Dex+4} (Trog gifted it to you on level 4 of the Orcish Mines)
 27554 | Orc:4    | Found Ykhlesel's Antique Weapon Emporium.
 27555 | Orc:4    | Found a roughly hewn altar of Beogh.
 27563 | Orc:4    | Found Vejots's Antique Armour Shoppe.
 27589 | Orc:4    | Bought a runed chain mail for 103 gold pieces
 27589 | Orc:4    | Bought a shiny buckler for 103 gold pieces
 27589 | Orc:4    | Bought a spiked leather armour for 161 gold pieces
 27599 | Orc:4    | Identified the +3 leather armour of Loss {-Cast Regen+ Str+3 Dex-2} (You bought it in a shop on level 4 of the Orcish Mines)
 27732 | Orc:4    | Noticed Azrael
 27766 | Orc:4    | Killed Azrael
 28044 | Orc:2    | Bought a garnet-encrusted troll leather armour for 620 gold pieces
 28054 | Orc:2    | Identified the +4 troll leather armour of the Hidden Vale {rElec Regen+ Stlth+} (You bought it in a shop on level 2 of the Orcish Mines)
 28064 | Orc:2    | Bought a glowing plate armour for 713 gold pieces
 28294 | Spider:1 | Entered Level 1 of the Spider Nest
 28341 | Spider:1 | Reached skill level 10 in Dodging
 28423 | Spider:1 | Received a gift from Trog
 28641 | Spider:1 | Got a twisted cloak
 28652 | Spider:1 | Identified the +1 cloak of Limited Liability {rF+ rC+ MR- Dex+2} (You found it on level 1 of the Spider Nest)
 28995 | Spider:2 | Reached skill level 10 in Shields
 29584 | Spider:3 | Reached XP level 16. HP: 110/159 MP: 5/15
 29878 | Spider:3 | Received a gift from Trog
 30834 | Spider:3 | Got an ebony mace
 30835 | Spider:3 | Lost intelligence.
 30835 | Spider:3 | Identified the +5 mace of the Boiling Point {drain, rPois Int-2 Dex+6} (You found it on level 3 of the Spider Nest)
 31525 | Spider:3 | Got a coiled platinum ring
 31527 | Spider:3 | Identified the ring "Ylieq" {*Confuse MR+ Str+7} (You found it on level 3 of the Spider Nest)
 31604 | Spider:4 | Entered Level 4 of the Spider Nest
 31743 | Spider:4 | Received a gift from Trog
 33971 | Spider:4 | Received a gift from Trog
 33978 | Spider:4 | Reached XP level 17. HP: 138/166 MP: 1/16
 33992 | Spider:4 | Reached skill level 19 in Armour
 34113 | Spider:4 | Got a gossamer rune of Zot
 34122 | Spider:4 | Got a steaming flail {god gift}
 34123 | Spider:4 | Identified the +10 flail "Xuigos" {crush, rN+} (Trog gifted it to you on level 4 of the Spider Nest)
 34329 | Swamp:1  | Entered Level 1 of the Swamp
 34388 | Swamp:1  | Got an encrusted war axe
 34389 | Swamp:1  | Identified the +7 war axe of Insufficient Pleasure {drain, rPois Str+4 Int+3 Stlth-} (You found it on level 1 of the Swamp)
 35297 | Swamp:2  | Identified a scroll of acquirement
 35478 | Swamp:2  | Noticed Frances
 35491 | Swamp:2  | Killed Frances
 36256 | Swamp:4  | Entered Level 4 of the Swamp
 36265 | Swamp:4  | Received a gift from Trog
 36346 | Swamp:4  | Reached skill level 20 in Armour
 36492 | Swamp:4  | Reached skill level 15 in Shields
 36602 | Swamp:4  | Received a gift from Trog
 36617 | Swamp:4  | Got a decaying rune of Zot
 37647 | Vaults:1 | Entered Level 1 of the Vaults
 37673 | Vaults:1 | Reached XP level 18. HP: 169/173 MP: 17/17
 37760 | Vaults:1 | Noticed a Brimstone Fiend
 38982 | Vaults:2 | Received a gift from Trog
 39229 | Vaults:2 | Received a gift from Trog
 40817 | Vaults:3 | Reached skill level 21 in Armour
 40909 | Vaults:3 | Found a staircase to the Crypt.
 41467 | Vaults:3 | Reached XP level 19. HP: 172/183 MP: 18/18
 41474 | Vaults:3 | Received a gift from Trog
 41509 | Vaults:3 | Noticed Margery
 41528 | Vaults:3 | Killed Margery
 41542 | Vaults:3 | Lost intelligence.
 41740 | Vaults:3 | Cast into the Abyss (ironheart preserver)
 42246 | Abyss:1  | Noticed a bone dragon
 42258 | Abyss:1  | Killed a bone dragon
 42425 | Vaults:3 | Escaped the Abyss
 42974 | Vaults:3 | Received a gift from Trog
 43202 | Vaults:3 | Gained mutation: You can spit weak poison. [potion of mutation]
 43202 | Vaults:3 | Gained mutation: You are agile. (Dex +2) [potion of mutation]
 43202 | Vaults:3 | Gained mutation: You are very agile. (Dex +4) [potion of mutation]
 43206 | Vaults:3 | Gained mutation: You are frail (-10% HP). [potion of mutation]
 43206 | Vaults:3 | Gained mutation: You evolve. [potion of mutation]
 43207 | Vaults:3 | Lost mutation: You can spit weak poison. [potion of cure mutation]
 43207 | Vaults:3 | Lost mutation: You are very agile. (Dex +4) [potion of cure mutation]
 43207 | Vaults:3 | Lost mutation: You are frail (-10% HP). [potion of cure mutation]
 43207 | Vaults:3 | Lost mutation: You are agile. (Dex +2) [potion of cure mutation]
 43207 | Vaults:3 | Lost mutation: You evolve. [potion of cure mutation]
 43208 | Vaults:3 | Gained mutation: You expend magic power (3 MP) to strengthen your wands. [potion of mutation]
 43208 | Vaults:3 | Gained mutation: Armour fits poorly on your strangely shaped body. [potion of mutation]
 43208 | Vaults:3 | Gained mutation: You are occasionally teleported to nearby monsters. [potion of mutation]
 43209 | Vaults:3 | Lost mutation: You are occasionally teleported to nearby monsters. [potion of cure mutation]
 43210 | Vaults:3 | Lost mutation: Armour fits poorly on your strangely shaped body. [potion of cure mutation]
 43210 | Vaults:3 | Lost mutation: You expend magic power (3 MP) to strengthen your wands. [potion of cure mutation]
 43211 | Vaults:3 | Gained mutation: You can spit weak poison. [potion of mutation]
 43211 | Vaults:3 | Gained mutation: You are partially covered in iridescent scales (AC +4). [potion of mutation]
 44413 | Vaults:4 | Received a gift from Trog
 44852 | Vaults:4 | Reached XP level 20. HP: 195/195 MP: 19/19
 44887 | Vaults:4 | Got a silken robe
 44898 | Vaults:4 | Identified the cursed +1 robe of Muoseat {Int+2} (You found it on level 4 of the Vaults)
 45065 | Vaults:4 | Received a gift from Trog
 45392 | Vaults:5 | Entered Level 5 of the Vaults
 45410 | Vaults:5 | Noticed a golden dragon
 46149 | Vaults:5 | HP: 6/198 [titan/bolt of lightning (10)]
 46170 | Vaults:5 | HP: 9/198 [titan/bolt of lightning (5)]
 46175 | Vaults:5 | Found Tuudas's General Store.
 46289 | Vaults:5 | HP: 6/198 [frost giant/bolt of cold (7)]
 46483 | Vaults:5 | Noticed an ancient lich
 46505 | Vaults:5 | HP: 5/198 [titan/bolt of lightning (8)]
 46509 | Vaults:5 | HP: 1/198 [battlesphere[a tengu reaver] (6)]
 46510 | Vaults:5 | Succumbed to a tengu reaver's bolt of poison

Action                   |  1- 3 |  4- 6 |  7- 9 | 10-12 | 13-15 | 16-18 | 19-21 || total
-------------------------+-------+-------+-------+-------+-------+-------+-------++-------
Melee: Mace              |    69 |   143 |    87 |    92 |       |       |       ||   391
       Flail             |       |       |   128 |   593 |  1501 |  1786 |   960 ||  4968
       Whip              |       |       |    84 |   221 |       |       |       ||   305
       Morningstar       |       |       |       |       |   755 |       |       ||   755
       Unarmed           |       |       |       |       |       |       |     4 ||     4
Invok: Berserk           |     2 |     7 |     7 |     9 |    17 |     2 |     1 ||    45
       Trog's Hand       |     1 |       |     8 |     9 |    22 |    15 |    12 ||    67
       Burn Spellbooks   |       |     1 |     2 |     2 |     5 |     1 |     1 ||    12
       Brothers in Arms  |       |       |       |       |     1 |     2 |     3 ||     6
 Abil: Spit Poison       |       |       |       |       |       |       |     1 ||     1
Evoke: Fan of gales      |       |       |       |       |       |       |     1 ||     1
       Sack of spiders   |       |       |       |       |       |       |     1 ||     1
  Use: Scroll            |     2 |     3 |     5 |    12 |    24 |    11 |    12 ||    69
       Potion            |       |       |       |     3 |     8 |    10 |    16 ||    37
 Stab: Paralysed         |       |     1 |       |       |       |     2 |       ||     3
       Distracted        |       |       |       |       |       |     1 |     1 ||     2
  Eat: Meat ration       |     1 |     1 |     1 |     1 |     6 |     2 |     1 ||    13
       Bread ration      |       |     1 |     1 |     4 |     1 |     7 |     4 ||    18
       Chunk             |       |     1 |     3 |       |    15 |       |       ||    19
       Royal jelly       |       |       |     2 |     2 |    10 |     1 |       ||    15
       Beef jerky        |       |       |     1 |     2 |     2 |     1 |     1 ||     7
       Fruit             |       |       |     1 |     3 |     4 |       |       ||     8
       Pizza             |       |       |       |     4 |     4 |     1 |       ||     9
